 Dungeon Crawl Stone Soup version 0.18-a0-1797-gc18daef (webtiles) character file.

97 macross the Covert (level 4, -1/23 HPs)
             Began as a Spriggan Assassin on Apr 22, 2016.
             Slain by Blork the orc
             ... wielding a +0 battleaxe
              (8 damage)
             ... on level 4 of the Dungeon.
             The game lasted 00:05:24 (1549 turns).

macross the Covert (Spriggan Assassin)              Turns: 1549, Time: 00:05:25

Health: -1/23      AC:  3    Str:  7    XL:     4   Next: 42%
Magic:  5/5        EV: 17    Int: 12    God:
Gold:   45         SH:  0    Dex: 18    Spells: 0 memorised, 3 levels left

rFire  . . .     SeeInvis +     a - +2 dagger
rCold  . . .     Gourm    .     c - +0 robe
rNeg   . . .     Faith    .     (shield restricted)
rPois  .         Spirit   .     (helmet restricted)
rElec  .         Dismiss  .     d - +0 cloak
rCorr  .         Reflect  .     (gloves unavailable)
SustAt .         Harm     .     (boots unavailable)
MR     .....                    (no amulet)
Stlth  +++++.....               (no ring)
                                h - ring of flight

@: about to teleport, very quick, not resistant to hostile enchantments, quite
stealthy
A: unfitting armour, see invisible, herbivore 3, speed 3, slow metabolism 2
a: Evoke Flight


You were on level 4 of the Dungeon.
You were not hungry.

You visited 1 branch of the dungeon, and saw 4 of its levels.

You collected 45 gold pieces.

Inventory:

Hand Weapons
 a - a +2 dagger (weapon)
 b - a +0 blowgun
Missiles
 e - 18 poisoned needles
 f - 2 curare-tipped needles
Armour
 c - a +0 robe (worn)
 d - a +0 cloak (worn)
 r - a +0 robe
Jewellery
 h - a ring of flight (left hand)
 i - an uncursed ring of stealth {unknown}
 j - an uncursed ring of protection from cold {unknown}
Wands
 o - a wand of teleportation (3/9)
Scrolls
 k - 2 scrolls of remove curse {unknown}
 l - 2 scrolls of identify {unknown}
 p - a scroll of immolation {unknown}
Potions
 n - a potion of might {unknown}
 q - a potion of curing {unknown}
Comestibles
 g - 2 bread rations
 m - a slice of pizza


   Skills:
 + Level 1.9 Fighting
 * Level 2.6 Short Blades
 + Level 2.3 Throwing
 + Level 1.9 Dodging
 * Level 8.1 Stealth


You had 3 spell levels left.
You didn't know any spells.

Dungeon Overview and Level Annotations

Branches:
Dungeon (4/15)
 Temple: D:4-7

Altars:
Cheibriados
Nemelex Xobeh
Pakellas
Sif Muna
Xom

Annotations:
D:3 eragonby's ghost, amateur MiAK
D:4 Blork the orc


Innate Abilities, Weirdness & Mutations

You are tiny and cannot use many weapons and most armour.
You have supernaturally acute eyesight.
You are a herbivore.
You cover ground extremely quickly.
You need consume almost no food.


Message History

Ouch! That really hurt!
An orc wizard comes into view. It is wielding a dagger.
An orc priest comes into view. It is wielding a falchion.
The orc priest shouts!
Blork the orc shouts!
You hit Blork the orc.
Blork the orc is lightly wounded.
Blork the orc misses you.
Zapping:
o - a wand of teleportation (will waste charges)
Press: ? - help, Shift-Dir - straight line, f - you You feel strangely unstable.
Evoking this partially-identified wand wasted a few charges.
Blork the orc misses you.
The howler monkey hoots and howls with incredible vigour!
You hear a shout! x2
The orc priest barely misses you.
The howler monkey hoots and howls with incredible vigour!
Blork the orc frowns.
Blork the orc hits you with a battleaxe!
You die...

#.# #.# #.#
#o########.#
#.##.o.o...#
#o##.#####.#
#h##.#
#o##.#####.#
#@o........#
####.#######
#.# #.# #
#.# #.###.#
#.....#
#######..#
.........#


You could see Blork the orc, a howler monkey, 2 orc priests and an orc.

Vanquished Creatures
  Terence (D:3)
  A worker ant (D:4)
  2 adders (D:3)
  2 worms
  2 dart slugs
  A giant gecko (D:4)
  3 orcs (D:4)
  2 bats (D:3)
  A giant cockroach (D:4)
  3 goblins (D:3)
  A quokka (D:2)
  A kobold (D:3)
20 creatures vanquished.

Notes
Turn   | Place    | Note
--------------------------------------------------------------
     0 | D:1      | macross the Spriggan Assassin began the quest for the Orb.
     0 | D:1      | Reached XP level 1. HP: 10/10 MP: 2/2
    25 | D:1      | Reached skill level 6 in Stealth
   166 | D:3      | Found an oddly glowing altar of Pakellas.
   168 | D:3      | Reached XP level 2. HP: 15/15 MP: 3/3
   196 | D:3      | Noticed eragonby's ghost (amateur MiAK)
   527 | D:3      | Noticed Terence
   531 | D:3      | Killed Terence
   531 | D:3      | Reached skill level 7 in Stealth
   531 | D:3      | Reached XP level 3. HP: 16/18 MP: 4/4
   853 | D:3      | Found a deep blue altar of Sif Muna.
   855 | D:3      | Found a snail-covered altar of Cheibriados.
   933 | D:3      | Found a sparkling altar of Nemelex Xobeh.
  1024 | D:4      | Reached XP level 4. HP: 3/23 MP: 5/5
  1434 | D:4      | Noticed Blork the orc
  1438 | D:4      | Reached skill level 8 in Stealth
  1477 | D:4      | Found a shimmering altar of Xom.
  1549 | D:4      | Slain by Blork the orc

Vault maps used:
D:1:      roderic_crop_circles_arrival_small
D:2:      elyvilon_altar_5, first_bread
D:3:      kennysheep_big_flooded_room, nicolae_overflow_crystal_walls,
          minitemple, nemelex_diamond_rough_becter, uniq_terence
D:4:      xom_teletrap_fun, uniq_blork_the_orc

Skill      XL: |  1  2  3  4 |
---------------+-------------+-----
Stealth        | 6 7 8 |  8.1
Fighting       | |  1.9
Short Blades   | |  2.6
Throwing       | |  2.3
Dodging        | |  1.9

Action                   |  1- 3 |  4- 6 || total
-------------------------+-------+-------++-------
Melee: Dagger            |    71 |     7 ||    78
Evoke: Wand              |       |     1 ||     1
 Stab: Sleeping          |     7 |     4 ||    11
Armor: Robe              |     5 |       ||     5
Dodge: Dodged            |    28 |     5 ||    33
